 Dungeon Crawl Stone Soup version 0.30.1-9-gdf580d7c3d (webtiles) character file.

Game seed: 13745994044563271710

6583 lonewolfV2 the Cleaver (level 11, -1/86 HPs)
             Began as a Formicid Fighter on Sept 30, 2023.
             Was an Initiate of Gozag.
             Slain by Snorg (15 damage)
             ... on level 10 of the Dungeon.
             The game lasted 00:11:25 (9294 turns).

lonewolfV2 the Cleaver (Formicid Fighter)           Turns: 9294, Time: 00:11:27

Health: -1/86      AC:  8    Str: 32    XL:     11   Next: 21%
Magic:  0/11       EV: 17    Int:  7    God:    Gozag
Gold:   866        SH:  8    Dex: 19    Spells: 10/10 levels left

rFire   + . .        d - +1 war axe (spect)
rCold   . . .        c - +1 buckler
rNeg    . . .        y - +0 scale mail of the Spheres {-Cast rF+ Str+6}
rPois   .            (helmet unavailable)
rElec   .            (no cloak)
rCorr   .            (no gloves)
SInv    +            (no boots)
Will    +....        z - amulet of guardian spirit
Stlth   +            D - +6 ring of dexterity
HPRegen 0.34/turn    u - +5 ring of evasion
MPRegen 0.12/turn

%: no spellcasting, guardian spirit
@: no status effects
A: permanent stasis, dig shafts and tunnels, antennae 3, four strong arms
a: Dig, Shaft Self, Renounce Religion, Potion Petition, Call Merchant, Bribe
Branch


You were on level 10 of the Dungeon.
You worshipped Gozag.
Gozag was pleased with you.
You visited 2 branches of the dungeon, and saw 11 of its levels.

You collected 987 gold pieces.
You paid 121 gold pieces to Gozag.

Inventory:

Hand Weapons
 a - a +1 war axe
 d - a +1 spectral war axe (weapon)
Missiles
 t - 2 throwing nets
Armour
 b - a +0 scale mail
 c - a +1 buckler (worn)
 y - the +0 scale mail of the Spheres (worn) {-Cast rF+ Str+6}
   (You found it on level 7 of the Dungeon)

   Str:       It affects your strength (+6).
   rF:        It protects you from fire.
   -Cast:     It prevents spellcasting.
Jewellery
 j - a ring of willpower
 l - a ring of positive energy
 u - a +5 ring of evasion (right hand)
 z - an amulet of guardian spirit (around neck)
 D - a +6 ring of dexterity (left hand)
Wands
 p - a wand of charming (22)
 r - a wand of roots (7)
 B - a wand of flame (14)
 H - a wand of digging (7)
Scrolls
 e - 4 scrolls of teleportation
 f - 3 scrolls of enchant weapon
 m - 2 scrolls of fog
 q - 2 scrolls of vulnerability
 s - 2 scrolls of fear
Potions
 g - 2 potions of mutation
 h - 3 potions of curing
 i - 2 potions of lignification {unknown}
 k - 3 potions of haste
 n - 2 potions of brilliance
 o - 4 potions of flight
 v - 2 potions of degeneration {unknown}
 w - a potion of heal wounds {unknown}
 x - a potion of attraction {unknown}
 E - a potion of ambrosia {unknown}
 F - a potion of cancellation {unknown}


   Skills:
 + Level 7.8 Fighting
 + Level 11.0 Axes
 + Level 8.8 Armour
 + Level 4.0 Dodging
 + Level 2.7 Stealth
 + Level 8.4 Shields


You had 10 spell levels left.
You didn't know any spells.
Your spell library contained the following spells:

 Spells                   Type           Power      Damage    Failure   Level
 Sandblast                Erth           0%         2d4       67%         1
 Passwall                 Tmut/Erth      0%         N/A       80%         2
 Ozocubu's Armour         Ice            0%         N/A       95%         3
 Stone Arrow              Conj/Erth      0%         3d7       95%         3
 Manifold Assault         Tloc           0%         N/A       100%        4
 Metabolic Englaciation   Hex/Ice        0%         N/A       100%        5
 Haunt                    Necr/Summ      0%         N/A       100%        7
 Storm Form               Tmut/Air       0%         N/A       100%        7
 Infestation              Necr           0%         N/A       100%        8
 Blink                    Tloc           Unusable   N/A       N/A         2
 Animate Dead             Necr           Unusable   N/A       N/A         4
 Simulacrum               Ice/Necr       Unusable   N/A       N/A         6

Dungeon Overview and Level Annotations

Branches:
Dungeon (10/15)            Temple (1/1) D:7            Lair (0/5) D:9
    Orc: D:9-12

Altars:
Ashenzari
Cheibriados
Dithmenos
Elyvilon
Fedhas
Gozag
Hepliaklqana
Kikubaaqudgha
Makhleb
Nemelex Xobeh
Okawaru
Qazlal
Ru
Sif Muna
Trog
Uskayaw
Vehumet
Wu Jian
Xom
Yredelemnul
Zin
The Shining One

Portals:
Abyss: D:6

Annotations:
D:3 2 transporters, WaxSun's ghost, amateur DjCj
D:6 2 transporters, CastCrusader's ghost, novice HOCA
D:10 Snorg


Innate Abilities, Weirdness & Mutations

You cannot be hasted, slowed, berserked, paralysed or teleported.
You can dig through walls and to a lower floor.
You have a pair of large antennae on your head. (SInv)
Your four strong arms can wield two-handed weapons with a shield.


Message History

You kill the hornet!
You feel sick.
Your Axes skill increases to level 11!
Your Dodging skill increases to level 4!
Your +1 spectral war axe disappears.
You feel sick.
You feel sick.
You feel sick.
Snorg smiles kindly.
There is a stone staircase leading up here.
You hit Snorg.
Snorg is lightly wounded.
Your +1 spectral war axe hits Snorg!
You feel sick. Snorg misses you. Snorg claws you but does no damage.
Snorg completely misses you.
You hit Snorg.
Snorg is lightly wounded.
Your +1 spectral war axe hits Snorg!
You feel sick.
Snorg goes berserk!
You slash Snorg!
Snorg is moderately wounded.
Your +1 spectral war axe hits Snorg!!
You feel sick. Snorg completely misses you. You block Snorg's attack. x2
Snorg closely misses you. x2; Snorg completely misses you.
You hit Snorg.
Snorg is heavily wounded.
Your +1 spectral war axe hits Snorg!!
You feel sick.
You are no longer poisoned.
Snorg closely misses you. x3
You slice Snorg!!
Snorg is almost dead.
Your +1 spectral war axe hits Snorg!
Snorg bites you!! Snorg claws you! Snorg completely misses you.
Snorg barely misses you. You block Snorg's attack. Snorg misses you.
You slash Snorg!
Snorg is almost dead.
Your +1 spectral war axe barely misses Snorg.
Snorg bites you!!
* * * LOW HITPOINT WARNING * * *
Snorg claws you!
You die...
Your body crumbles into a pile of gold.

*,,,,,*,,,*#........####**,*,,**,
,,,,,**,,.*#............,,,,,****
,,,,,**,,..#............,,,,,,>,*
,,,,,**$,#..............,,,,,,,,*
,,,,,**,,.......$.......,,,,,,<,*
,,,,,,,,,..^............,,,,,,,,,
,,,,,*,,*####...........,,<,,****
,,,,,,,** ####(T.#....,,,,,,,**
,,,,,,** #@#.#,...,,,,,*,,,
*,*,,,* #.#.#***.,********
*,*,*** #.#..,,,,,,,,,* *,,,*
#.#,..,,,,,,,,* *,,**
###*...,,,,,,,* *,** *,...,,,,,,*
*** *,,,,,,,,,,* *,,,,,,,,,,*
*,,,,,,,,,,*


You could see Snorg (berserk) and a friendly +1 spectral war axe.

Vanquished Creatures
  Joseph (D:7)
  2 hornets
  Prince Ribbit (D:5)
  Sigmund (D:3)
  6 yaks (D:9)
  4 wyverns
  2 wraiths (D:9)
  2 steam dragons (D:6)
  Menkaure (D:5)
  3 water moccasins
  A black bear (D:8)
  5 ice beasts
  An ogre (D:5)
  An orc warrior (D:8)
  2 centaurs
  A kobold brigand (D:7)
  Blork the orc (D:4)
  A gnoll sergeant (D:8)
  A scorpion (D:6)
  15 killer bees (D:8)
  3 howler monkeys
  5 hounds
  3 orc priests
  4 jellies
  Crazy Yiuf (D:4)
  A gnoll bouda (D:7)
  Terence (D:3)
  Ijyb (D:3)
  Natasha (thrice) (D:3)
  4 iguanas
  A sleepcap (D:6)
  7 orc wizards
  15 gnolls
  5 adders
  2 shadow imps (D:6)
  A white imp (D:8)
  2 ufetubi
  2 worms
  A dart slug (D:2)
  13 orcs
  7 endoplasms
  2 giant cockroaches
  10 hobgoblins
  5 jackals
  7 quokkas
  9 ball pythons
  4 bats
  3 frilled lizards (D:1)
  12 goblins
  12 kobolds
  4 rats
202 creatures vanquished.

Notes
Turn   | Place    | Note
-------+----------+-------------------------------------------
     0 | D:1      | lonewolfV2 the Formicid Fighter began the quest for the
                  | Orb.
     0 | D:1      | Reached XP level 1. HP: 18/18 MP: 1/1
   184 | D:1      | Reached XP level 2. HP: 19/24 MP: 2/2
   519 | D:1      | Reached XP level 3. HP: 25/30 MP: 3/3
   826 | D:2      | Found a faded altar of an unknown god.
   828 | D:2      | Noticed a shining eye
   828 | D:2      | Noticed an eye of devastation
   829 | D:2      | Noticed a golden eye
   829 | D:2      | Noticed a golden eye
  1078 | D:2      | Reached XP level 4. HP: 37/37 MP: 4/4
  1174 | D:2      | Identified the +0 ring mail "Ehaem" {Stlth+}
  1249 | D:2      | Found a basalt altar of Yredelemnul.
  1851 | D:3      | Noticed Natasha
  1858 | D:3      | Killed Natasha
  1859 | D:3      | Reached skill level 5 in Shields
  2151 | D:3      | Noticed Natasha
  2152 | D:3      | Found a transporter.
  2158 | D:3      | Killed Natasha
  2159 | D:3      | Reached skill level 3 in Axes
  2159 | D:3      | Reached XP level 5. HP: 30/42 MP: 5/5
  2195 | D:3      | Noticed Natasha
  2208 | D:3      | Killed Natasha
  2257 | D:3      | Noticed Terence
  2270 | D:3      | Killed Terence
  2426 | D:3      | Noticed Sigmund
  2432 | D:3      | Killed Sigmund
  2433 | D:3      | Reached skill level 4 in Axes
  2433 | D:3      | Reached XP level 6. HP: 44/49 MP: 6/6
  2439 | D:3      | Reached XP level 7. HP: 32/55 MP: 7/7
  2440 | D:3      | Reached skill level 5 in Armour
  2443 | D:3      | Reached skill level 1 in Dodging
  2708 | D:3      | Found a transporter.
  2708 | D:3      | Noticed WaxSun's ghost (amateur DjCj)
  2785 | D:3      | Noticed Ijyb
  2788 | D:3      | Killed Ijyb
  2889 | D:4      | Reached skill level 5 in Axes
  2962 | D:4      | Found a runed translucent door.
  2963 | D:4      | Noticed Crazy Yiuf
  3008 | D:4      | Found a broken altar of Ashenzari.
  3216 | D:4      | Noticed Blork the orc
  3225 | D:4      | Killed Blork the orc
  3226 | D:4      | Reached XP level 8. HP: 38/61 MP: 8/8
  3330 | D:4      | Reached skill level 5 in Fighting
  3330 | D:4      | Reached skill level 6 in Axes
  3564 | D:4      | Killed Crazy Yiuf
  3988 | D:5      | Entered Level 5 of the Dungeon
  3991 | D:5      | Noticed Prince Ribbit
  4005 | D:5      | Killed Prince Ribbit
  4377 | D:5      | Noticed Menkaure
  4386 | D:5      | Killed Menkaure
  4387 | D:5      | Reached skill level 7 in Axes
  4962 | D:5      | Reached XP level 9. HP: 67/68 MP: 9/9
  5493 | D:6      | Found a one-way gate to the infinite horrors of the Abyss.
  5493 | D:6      | Noticed CastCrusader's ghost (novice HOCA)
  5497 | D:6      | Found a transporter.
  5503 | D:6      | Found a transporter.
  5526 | D:6      | Reached skill level 8 in Axes
  5637 | D:6      | Found a white marble altar of Elyvilon.
  5638 | D:6      | Found a glowing silver altar of Zin.
  5639 | D:6      | Found a glowing golden altar of the Shining One.
  5803 | D:6      | Noticed a toenail golem
  5888 | D:6      | Reached skill level 1 in Stealth
  6259 | D:7      | Found a staircase to the Ecumenical Temple.
  6302 | Temple   | Entered the Ecumenical Temple
  6353 | Temple   | Became a worshipper of Gozag Ym Sagoz the Greedy
  6440 | D:7      | Found a flagged portal.
  6594 | D:7      | Noticed Joseph
  6607 | D:7      | Killed Joseph
  6608 | D:7      | Reached XP level 10. HP: 60/77 MP: 10/10
  6793 | D:7      | Reached skill level 9 in Axes
  6887 | D:7      | Identified the +0 scale mail of the Spheres {-Cast rF+
                  | Str+6}
  7459 | D:8      | Reached skill level 10 in Axes
  7676 | D:8      | Found the +13 scythe of Curses {drain, curses, Drain}
  7734 | D:8      | Found a hazy altar of Hepliaklqana.
  8277 | D:9      | Found a burning altar of Makhleb.
  8401 | D:9      | Identified the +3 ring mail "Caqir" {rF++ Str+3 SInv}
  8603 | D:9      | Reached XP level 11. HP: 71/84 MP: 9/11
  8791 | D:9      | Found a staircase to the Lair.
  9029 | D:9      | Found a shimmering blue altar of Sif Muna.
  9276 | D:10     | Entered Level 10 of the Dungeon
  9281 | D:10     | Noticed Snorg
  9286 | D:10     | Reached skill level 11 in Axes
  9294 | D:10     | Slain by Snorg

Illustrated notes

Levels and vault maps discovered:
D:1:      lightli_arrival_quake, layout_basic
D:2:      layout_loops_corners, basic_altar,
          hellmonk_ecumenical_altar_watching_god, grunt_ministairs_15
D:3:      layout_basic, gammafunk_ghost_mausoleum, uniq_terence, uniq_natasha,
          uniq_ijyb, uniq_sigmund
D:4:      layout_basic, mainiacjoe_overflow_six_doors_small, uniq_blork_the_orc,
          uniq_crazy_yiuf_cottage
D:5:      layout_layer_cave, cheibrodos_gnoll_hut, uniq_menkaure,
          uniq_prince_ribbit1
D:6:      kennysheep_steamy, layout_cave_pools, good_gods_temple_1,
          gammafunk_ghost_abyssal_escape
D:7:      hellmonk_ruined_rings, layout_gridville, enter_bailey_3, uniq_joseph
D:8:      layout_basic, nicolae_overflow_hidden_temple
D:9:      layout_basic, amcnicky_altar_gilded, led_sif_pool, lair_entry_dummy,
          minmay_misc_feat_ornament, hangedman_abyss_or_decor_passed,
          nicolae_two_hexagons
D:10:     layout_rooms, serial_park_tiny_2, uniq_josephine, uniq_snorg
Temple:   eino_wide_crystal_templ

Skill      XL: |  1  2  3  4  5  6  7  8  9 10 11 |
---------------+----------------------------------+-----
Fighting       | 4 5 6 7 |  7.8
Armour         | 4 5 6 7 8 |  8.8
Shields        | 5 7 8 |  8.4
Axes           | 3 4 5 7 8 10 11 | 11.0
Dodging        | 1 2 3 4 |  4.0
Stealth        | 1 2 |  2.7

Action                     |  1- 3 |  4- 6 |  7- 9 | 10-12 || total
---------------------------+-------+-------+-------+-------++-------
  Melee: War axe           |   124 |    58 |   173 |   122 ||   477
    Use: Scroll            |       |     8 |     7 |     3 ||    18
         Potion            |       |     1 |     1 |       ||     2
   Stab: Distracted        |       |       |     1 |     1 ||     2
 Armour: Scale mail        |    77 |    23 |    46 |    18 ||   164
  Dodge: Dodged            |    83 |    30 |   118 |    99 ||   330
  Block: Buckler           |    45 |    12 |    69 |    46 ||   172
